 Dungeon Crawl Stone Soup version 0.18.1-48-g4cf74bf (webtiles) character file.

527 Monsterface the Charmwright (level 7, -2/46 HPs)
             Began as a Halfling Skald on July 17, 2016.
             Slain by a gnoll
             ... wielding a +0 club
              (8 damage)
             ... on level 5 of the Dungeon.
             The game lasted 00:20:02 (2778 turns).

Monsterface the Charmwright (Halfling Skald)        Turns: 2778, Time: 00:20:03

Health: -2/46      AC:  6    Str: 13    XL:     7   Next: 47%
Magic:  9/9        EV: 14    Int: 11    God:
Gold:   107        SH:  0    Dex: 15    Spells: 3 memorised, 4 levels left

rFire  x . .     SeeInvis .     e - +2 hand axe (chop)
rCold  + . .     Gourm    .     s - +1 ring mail
rNeg   . . .     Faith    .     (shield restricted)
rPois  .         Spirit   .     (no helmet)
rElec  .         Dismiss  .     (no cloak)
rCorr  .         Reflect  .     (no gloves)
SustAt .         Harm     .     (no boots)
MR     .....                    (no amulet)
Stlth  +.........               (no ring)
                                k - ring of ice

@: not resistant to hostile enchantments, very unstealthy
A: mutation resistance 1
a: no special abilities


You were on level 5 of the Dungeon.
You were not hungry.

You visited 1 branch of the dungeon, and saw 5 of its levels.

You collected 107 gold pieces.

Inventory:

Hand Weapons
 a - a +0 short sword
 e - a +2 hand axe of chopping (weapon)
 f - a +0 short sword of speed
 h - a +0 mace of crushing
 m - a +1 mace of holy wrath
Missiles
 g - 6 poisoned tomahawks (quivered)
Armour
 b - a +0 leather armour
 s - a +1 ring mail (worn)
Jewellery
 k - a ring of ice (left hand)
 n - an uncursed ring of ice
 w - an uncursed ring of protection from cold {unknown}
Wands
 r - a wand of acid (2/15)
 u - a wand of flame (34/48)
Scrolls
 i - 3 scrolls of remove curse
 j - 2 scrolls of amnesia
 l - 2 scrolls of identify
 t - a scroll of teleportation
 x - a scroll of fear {unknown}
Potions
 p - a potion of degeneration {unknown}
 v - a potion of curing
Books
 c - a book of Battle

   Spells                             Type                      Level
   a - Infusion                       Charms                       1
   b - Shroud of Golubria             Charms/Translocation         2
   c - Song of Slaying                Charms                       2
   d - Spectral Weapon                Hexes/Charms                 3
   e - Regeneration                   Charms/Necromancy            3
Comestibles
 d - 2 bread rations
 o - a royal jelly


   Skills:
 + Level 3.2 Fighting
 + Level 2.9 Short Blades
 + Level 1.4(1.6) Axes
 + Level 1.0(1.3) Maces & Flails
 + Level 2.3 Throwing
 + Level 3.1 Armour
 + Level 3.9 Dodging
 + Level 0.8 Stealth
 + Level 1.9 Spellcasting
 + Level 4.4 Charms
 + Level 0.2 Evocations


You had 4 spell levels left.
You knew the following spells:

 Your Spells              Type           Power        Failure   Level  Hunger
a - Infusion              Chrm           ##..         12%         1    ##.....
b - Song of Slaying       Chrm           ##......     17%         2    ###....
c - Shroud of Golubria    Chrm/Tloc      #.........   38%         2    ###....


Dungeon Overview and Level Annotations

Branches:
Dungeon (5/15)
 Temple: D:4-7

Altars:
Kikubaaqudgha
Vehumet

Annotations:
D:4 Krapald's ghost, amateur TrFi


Innate Abilities, Weirdness & Mutations

You are small and have problems with some larger weapons.
You are somewhat resistant to further mutation.


Message History

* * * LOW HITPOINT WARNING * * *
You hit the gnoll.
The gnoll is heavily wounded.
The gnoll barely misses you. x2
Drink which item? (? for menu, Esc to quit)
Okay, then.
You barely miss the gnoll.
The gnoll is heavily wounded.
The gnoll hits you from afar with a halberd!
* * * LOW HITPOINT WARNING * * *
The gnoll barely misses you.
Evoke which item? (* to show all) (? for menu, Esc to quit)
Zapping:
u - a wand of flame (35/48)
Press: ? - help, Shift-Dir - straight line, f/p - gnoll
Aim: a gnoll, wielding a halberd (almost dead, covered in acid)
The puff of flame hits the gnoll.
The gnoll is almost dead.
This wand has 34 charges left.
The gnoll misses you. The gnoll hits you with a club!
You die...

..... #...#
#...# #...#
#...# # ..< .#
####.##.#.#####
....)gg@......#
####.S##..###.#
#. ..... ..
...!#.# #.
.##... .. .#
##.# . .. . ..


You could see 2 gnolls and an adder.

Vanquished Creatures
  Grinder (D:3)
  2 howler monkeys
  A jelly (D:3)
  A hound (D:4)
  An orc wizard (D:3)
  A worker ant (D:4)
  3 adders (D:4)
  6 gnolls
  An ooze (D:2)
  A worm (D:3)
  3 giant geckos
  3 orcs (D:3)
  A ball python (D:3)
  5 bats
  4 giant cockroaches (D:1)
  6 goblins
  7 hobgoblins
  4 jackals (D:3)
  5 giant newts
  8 kobolds
  4 rats
68 creatures vanquished.

Notes
Turn   | Place    | Note
--------------------------------------------------------------
     0 | D:1      | Monsterface the Halfling Skald began the quest for the Orb.
     0 | D:1      | Reached XP level 1. HP: 14/14 MP: 3/3
   175 | D:1      | Reached XP level 2. HP: 10/19 MP: 0/4
   376 | D:1      | Reached skill level 4 in Charms
   475 | D:1      | Reached XP level 3. HP: 22/24 MP: 5/5
   823 | D:2      | Found an ancient bone altar of Kikubaaqudgha.
  1057 | D:3      | Reached XP level 4. HP: 25/30 MP: 4/6
  1259 | D:3      | Reached XP level 5. HP: 35/35 MP: 0/7
  1458 | D:3      | Reached skill level 1 in Throwing
  1526 | D:3      | Noticed Grinder
  1540 | D:3      | Killed Grinder
  1540 | D:3      | Reached skill level 1 in Maces & Flails
  1540 | D:3      | Reached XP level 6. HP: 23/41 MP: 5/8
  2303 | D:3      | Reached XP level 7. HP: 43/46 MP: 6/9
  2307 | D:3      | Learned a level 2 spell: Song of Slaying
  2310 | D:3      | Learned a level 2 spell: Shroud of Golubria
  2379 | D:4      | Found a radiant altar of Vehumet.
  2463 | D:4      | Reached skill level 1 in Axes
  2665 | D:4      | Noticed Krapald's ghost (amateur TrFi)
  2765 | D:5      | Entered Level 5 of the Dungeon
  2778 | D:5      | Slain by a gnoll

Skill      XL: |  1  2  3  4  5  6  7 |
---------------+----------------------+-----
Fighting       | 2 3 |  3.2
Charms         | 4 |  4.4
Dodging        | 2 3 |  3.9
Armour         | 2 3 |  3.1
Throwing       | 1 2 |  2.3
Maces & Flails | 1 |  1.0
Axes           | 1 |  1.4
Short Blades   | |  2.9
Stealth        | |  0.8
Spellcasting   | |  1.9
Evocations     | |  0.2

Action                   |  1- 3 |  4- 6 |  7- 9 || total
-------------------------+-------+-------+-------++-------
Melee: Short sword       |    22 |     9 |       ||    31
       Mace              |    68 |       |       ||    68
       Hand axe          |     4 |    53 |    43 ||   100
Throw: Tomahawk          |     3 |    17 |     1 ||    21
 Cast: Infusion          |     3 |     4 |     2 ||     9
       Song of Slaying   |       |       |     1 ||     1
Evoke: Wand              |       |       |     5 ||     5
  Use: Scroll            |     5 |     4 |     4 ||    13
       Potion            |     3 |       |       ||     3
  Eat: Bread ration      |     1 |       |     1 ||     2
Armor: Leather armour    |    25 |     7 |       ||    32
       Ring mail         |       |     5 |    11 ||    16
Dodge: Dodged            |    97 |    45 |    40 ||   182
